 Dungeon Crawl Stone Soup version 0.23-b1-49-g13d5857 (webtiles) character file.

Game seed: 3334511937236490927

3437 Kairos the Cleaver (level 10, -20/52 HPs)
             Began as a Vine Stalker Fighter on Feb 3, 2019.
             Was a Priest of Okawaru.
             Killed from afar by Erica (27 damage)
             ... with a bolt of poison
             ... on level 8 of the Dungeon.
             The game lasted 00:08:26 (6091 turns).

Kairos the Cleaver (Vine Stalker Fighter)           Turns: 6091, Time: 00:08:27

Health: -20/52     AC:  0    Str: 23    XL:     10   Next: 5%
Magic:  0/20       EV: 11    Int:  8    God:    Okawaru [***...]
Gold:   306        SH: 10    Dex: 13    Spells: 9/9 levels left

rFire    . . .     SeeInvis .   a - +1 war axe
rCold    + . .     Gourm    .   c - +0 shield
rNeg     . . .     Faith    .   i - +0 steam dragon scales
rPois    .         Spirit   +   (no helmet)
rElec    .         Reflect  .   h - +0 cloak
rCorr    .         Harm     +   u - +0 pair of gloves
MR       +....                  (no boots)
Stlth    ++........             k - amulet of harm
HPRegen  0.57/turn              F - ring of magical power
MPRegen  0.17/turn              A - ring of protection from cold

@: lethally poisoned (-20 -> -24), corroded
A: fangs 3, regeneration 1, magic shield, antimagic bite, no potion heal 3, rot
immunity
a: Heroism, Renounce Religion


You were on level 8 of the Dungeon.
You worshipped Okawaru.
Okawaru was most pleased with you.
You were full.

You visited 2 branches of the dungeon, and saw 9 of its levels.

You collected 306 gold pieces.

Inventory:

Hand Weapons
 a - a +1 war axe (weapon)
Armour
 c - a +0 shield (worn)
 h - a +0 cloak (worn)
 i - +0 steam dragon scales (worn)
 u - a +0 pair of gloves (worn)
Jewellery
 k - an amulet of harm (around neck)
 w - an uncursed ring of positive energy
 A - a ring of protection from cold (right hand)
 F - a ring of magical power (left hand)
 G - an uncursed ring of see invisible
Wands
 p - a wand of flame (7)
 s - a wand of clouds (8)
 t - a wand of digging (2)
 B - a wand of iceblast (6)
Scrolls
 e - 3 scrolls of remove curse
 g - a scroll of teleportation
 j - 2 scrolls of magic mapping
 m - a scroll of fog
 n - a scroll of random uselessness {unknown}
 r - 2 scrolls of immolation
 y - 2 scrolls of blinking
 E - a scroll of fear
Potions
 b - a potion of invisibility {unknown}
 d - 3 potions of might
 l - 2 potions of lignification {unknown}
 o - 5 potions of curing {unknown}
 q - a potion of magic {unknown}
 v - 3 potions of agility {unknown}
 x - a potion of flight {unknown}
 z - 2 potions of brilliance {unknown}
 D - a potion of haste {unknown}
Comestibles
 f - 7 rations


   Skills:
 + Level 5.6 Fighting
 + Level 8.9 Axes
 + Level 5.2 Armour
 + Level 2.7 Dodging
 + Level 2.1 Stealth
 + Level 5.5 Shields
 + Level 0.3 Invocations


You had 9 spell levels left.
You didn't know any spells.
Your spell library was empty.

Dungeon Overview and Level Annotations

Branches:
Dungeon (8/15)             Temple (1/1) D:4
   Lair: D:8-11

Altars:
Ashenzari
Cheibriados
Dithmenos
Elyvilon
Fedhas
Gozag
Hepliaklqana
Kikubaaqudgha
Makhleb
Nemelex Xobeh
Okawaru
Qazlal
Ru
Sif Muna
Trog
Uskayaw
Vehumet
Xom
Yredelemnul
Zin
The Shining One

Shops:
D:4 ((

Annotations:
D:8 Erica, Grum


Innate Abilities, Weirdness & Mutations

You have razor-sharp teeth.
Your natural rate of healing is unusually fast.
When hurt, damage is shared between your health and your magic reserves.
Your bite disrupts and absorbs the magic of your enemies.
Potions cannot restore your health.
You are immune to rotting.


Message History

You are too injured to fight recklessly!
You are too injured to fight recklessly!
You hit Erica. Your bite misses Erica.
Erica is heavily wounded.
Erica laughs wildly.
Erica gestures wildly while chanting.
Erica flickers and vanishes!
Deactivating autopickup; reactivate with Ctrl-A.
You closely miss something. Your bite misses something.
You hear a zap.
A bolt of acid appears from out of thin air!
The bolt of acid hits you. The acid corrodes you!
You are splashed with acid!
* * * LOW HITPOINT WARNING * * *
You hit something. You bite something.
You hear some strange, mumbled words.
A bolt of poison appears from out of thin air!
You are poisoned.
The bolt of poison hits you!!
Ouch! That really hurt!
You die...

#......... .
#.#....... #. #.
####... <#.# #.
... ....## ..
.#.### ....#
#.#{######.
##.#@.......
##...†.......
...$..#........
##.###.#.######.
### #........#
..# #.####..##
#.#######.##....#
#)##.......#.##.#
#.##.# #..#.##.#


There were no monsters in sight!

Vanquished Creatures
  An ugly thing (D:7)
  Grinder (D:5)
  Sigmund (D:5)
  A wyvern (D:8)
  A hungry ghost (D:5)
  A steam dragon (D:7)
  Duvessa (D:5)
  A black bear (D:7)
  2 sky beasts (D:7)
  A phantom (D:6)
  2 ice beasts (D:6)
  A wolf (D:8)
  2 ogres
  A centaur (D:5)
  A big kobold (D:6)
  2 bullfrogs (D:6)
  Blork the orc (D:4)
  Dowan (D:5)
  2 scorpions (D:4)
  A howler monkey (D:6)
  2 crimson imps
  A bullfrog zombie (D:6)
  2 hounds
  A jelly (D:6)
  3 orc wizards
  A centaur skeleton (D:4)
  2 orc priests (D:7)
  Crazy Yiuf (D:2)
  Jessica (D:2)
  Terence (D:2)
  8 worker ants
  8 gnolls
  9 adders
  2 shadow imps
  3 oozes
  2 worms (D:4)
  A dart slug (D:2)
  A leopard gecko (D:6)
  19 orcs
  5 bats
  3 giant cockroaches
  8 goblins
  8 hobgoblins
  8 jackals
  3 quokkas
  6 frilled lizards
  14 kobolds
  2 quokka skeletons
  2 rats
  A spectral orc (D:2)
153 creatures vanquished.

Vanquished Creatures (others)
  A wizard (D:3)
  A goblin (D:3)
2 creatures vanquished.

Grand Total: 155 creatures vanquished

Notes
Turn   | Place    | Note
-------+----------+-------------------------------------------
     0 | D:1      | Kairos the Vine Stalker Fighter began the quest for the
                  | Orb.
     0 | D:1      | Reached XP level 1. HP: 11/11 MP: 2/2
    49 | D:1      | Reached skill level 2 in Axes
    59 | D:1      | Reached XP level 2. HP: 8/16 MP: 3/3
   251 | D:1      | Reached XP level 3. HP: 4/20 MP: 1/4
   251 | D:1      | HP: 1/20 [jackal (3)]
   878 | D:2      | Noticed Jessica
   889 | D:2      | Killed Jessica
   889 | D:2      | Gained mutation: Your natural rate of healing is unusually
                  | fast. [Vine Stalker growth]
   889 | D:2      | Reached XP level 4. HP: 24/24 MP: 5/5
  1013 | D:2      | Found a runed translucent door.
  1014 | D:2      | Noticed Crazy Yiuf
  1023 | D:2      | Killed Crazy Yiuf
  1023 | D:2      | Reached skill level 3 in Axes
  1127 | D:2      | Reached XP level 5. HP: 26/28 MP: 6/6
  1247 | D:2      | Found a basalt altar of Yredelemnul.
  1353 | D:2      | Noticed Terence
  1363 | D:2      | Killed Terence
  1557 | D:3      | Found a bloodstained altar of Trog.
  1564 | D:3      | Noticed a wizard
  1567 | D:3      | Killed a wizard
  2296 | D:3      | Found a glowing silver altar of Zin.
  2559 | D:4      | Reached XP level 6. HP: 26/32 MP: 4/7
  2573 | D:4      | Noticed Blork the orc
  2579 | D:4      | Killed Blork the orc
  2579 | D:4      | Reached skill level 4 in Axes
  2633 | D:4      | Reached XP level 7. HP: 35/37 MP: 8/8
  2638 | D:4      | Found a staircase to the Ecumenical Temple.
  2665 | Temple   | Entered the Ecumenical Temple
  2683 | Temple   | Became a worshipper of Warmaster Okawaru
  2783 | D:4      | Reached skill level 5 in Axes
  2801 | D:4      | Found Ridejeit's Weapon Shop.
  2896 | D:4      | Found Arecs's Weapon Emporium.
  3048 | D:4      | Found a burning altar of Makhleb.
  3049 | D:4      | Found a shimmering altar of Xom.
  3051 | D:4      | Paralysed by a crimson imp for 2 turns
  3055 | D:4      | Reached skill level 1 in Dodging
  3157 | D:5      | Entered Level 5 of the Dungeon
  3220 | D:5      | Noticed Sigmund
  3228 | D:5      | Killed Sigmund
  3228 | D:5      | Reached * piety under Okawaru
  3228 | D:5      | Gained mutation: You have razor-sharp teeth. [Vine Stalker
                  | growth]
  3228 | D:5      | Reached XP level 8. HP: 38/42 MP: 9/9
  3268 | D:5      | Reached skill level 6 in Axes
  3295 | D:5      | Noticed Grinder
  3296 | D:5      | Paralysed by Grinder for 3 turns
  3318 | D:5      | Killed Grinder
  3318 | D:5      | Reached ** piety under Okawaru
  3555 | D:5      | Noticed Duvessa
  3555 | D:5      | Noticed Dowan
  3569 | D:5      | Killed Duvessa
  3569 | D:5      | Reached skill level 7 in Axes
  3577 | D:5      | Killed Dowan
  4042 | D:6      | Reached XP level 9. HP: 33/46 MP: 8/10
  4128 | D:6      | Found a sacrificial altar of Ru.
  4128 | D:6      | Found a deep blue altar of Sif Muna.
  4133 | D:6      | Found a white marble altar of Elyvilon.
  4135 | D:6      | Found a snail-covered altar of Cheibriados.
  4137 | D:6      | Found a shattered altar of Ashenzari.
  4557 | D:6      | Reached skill level 5 in Fighting
  4557 | D:6      | Reached skill level 5 in Shields
  5012 | D:7      | Reached skill level 1 in Stealth
  5224 | D:7      | Reached *** piety under Okawaru
  5224 | D:7      | Reached skill level 8 in Axes
  5298 | D:7      | Reached skill level 5 in Armour
  5554 | D:7      | Noticed a cyan ugly thing
  5564 | D:7      | Killed a cyan ugly thing
  5962 | D:8      | Reached XP level 10. HP: 24/52 MP: 8/11
  5965 | D:8      | Noticed Grum
  6080 | D:8      | Noticed Erica
  6091 | D:8      | Killed from afar by Erica

Skill      XL: |  1  2  3  4  5  6  7  8  9 |
---------------+----------------------------+-----
Axes           | 2 3 4 5 7 8 |  8.9
Fighting       | 3 4 5 |  5.6
Shields        | 3 4 5 |  5.5
Armour         | 3 4 5 |  5.2
Dodging        | 1 2 |  2.7
Stealth        | 2 |  2.1
Invocations    | |  0.3

Action                   |  1- 3 |  4- 6 |  7- 9 | 10-12 || total
-------------------------+-------+-------+-------+-------++-------
Melee: War axe           |   101 |    90 |   279 |    17 ||   487
       Bite              |    26 |    38 |    87 |     5 ||   156
Invok: Heroism           |       |       |     3 |       ||     3
Evoke: Wand              |       |       |       |     1 ||     1
  Use: Scroll            |       |       |    12 |     1 ||    13
 Stab: Sleeping          |       |       |     2 |       ||     2
  Eat: Chunk             |       |     3 |     9 |       ||    12
       Ration            |       |     1 |     3 |       ||     4
Armor: Scale mail        |    53 |    32 |   117 |       ||   202
       Steam dragon scal |       |       |     4 |     1 ||     5
Dodge: Dodged            |    39 |    22 |    86 |     6 ||   153
Block: Shield            |    61 |    39 |   129 |     7 ||   236
